 Dungeon Crawl Stone Soup version 0.17-a0-1714-g35622ae (webtiles) character file.

19507 kae the Fencer (level 12, 0/106 HPs)
             Began as a Minotaur Fighter on Aug 23, 2015.
             Was the Champion of Makhleb.
             Slain by an ice beast (9 damage)
             ... summoned by an ice statue
             ... in an ice cave.
             The game lasted 00:17:04 (12964 turns).

kae the Fencer (Minotaur Fighter)                  Turns: 12964, Time: 00:17:04

Health: 0/106      AC: 12    Str: 23    XL:     12   Next: 37%
Magic:  18/18      EV: 13    Int:  7    God:    Makhleb [******]
Gold:   630        SH:  0    Dex: 11    Spells: 0 memorised, 11 levels left

rFire  . . .     SeeInvis .     O - +0 great sword
rCold  . . .     Clarity  .     b - +1 scale mail
rNeg   + . .     SustAt   .     (no shield)
rPois  .         Gourm    .     (helmet restricted)
rElec  .         Spirit   .     t - +0 cloak
rCorr  .         Warding  .     u - +0 pair of gloves
rMut   .         Stasis   .     (no boots)
MR     .....                    (no amulet)
Stlth  ..........               G - +3 ring of evasion
                                q - ring of positive energy

@: not resistant to hostile enchantments, extremely unstealthy
A: retaliatory headbutt, horns 2
a: Minor Destruction, Lesser Servant of Makhleb, Major Destruction, Greater
Servant of Makhleb, Renounce Religion


You were in an ice cave.
You worshipped Makhleb.
Makhleb was exalted by your worship.
You were not hungry.

You visited 3 branches of the dungeon, and saw 13 of its levels.
You also visited: Sewer and Ice Cave.

You collected 711 gold pieces.
You spent 81 gold pieces at shops.

Inventory:

Hand weapons
 a - a +1 long sword
 O - a +0 great sword (weapon)
Armour
 b - a +1 scale mail (worn)
 c - a +0 shield
 t - a +0 cloak (worn)
 u - a +0 pair of gloves (worn)
Jewellery
 i - an uncursed ring of magical power
 m - an uncursed ring of protection from fire
 o - an uncursed ring of magical power
 q - a ring of positive energy (left hand)
 G - a +3 ring of evasion (right hand)
 H - an uncursed ring of invisibility
 V - an uncursed ring of ice {unknown}
 W - a +1 ring of protection
Magical devices
 d - a wand of enslavement (9)
 f - a wand of random effects (26)
 v - a wand of enslavement (13)
 D - a wand of teleportation (3)
 R - a wand of cold (10)
Scrolls
 r - 2 scrolls of fear
 s - a scroll of enchant armour
 x - 2 scrolls of blinking
 y - 7 scrolls of identify
 z - 2 scrolls of noise
 B - 3 scrolls of teleportation
 E - a scroll of magic mapping
 I - a scroll of remove curse
 L - a scroll of fog
 M - a scroll of enchant weapon
 P - a scroll of vulnerability {unknown}
Potions
 g - 3 potions of agility
 h - 3 potions of brilliance
 j - 5 potions of curing
 n - 3 potions of might
 p - 2 potions of ambrosia {unknown}
 w - 4 potions of cancellation {unknown}
 A - 2 potions of magic {unknown}
 C - 6 potions of heal wounds {unknown}
 F - a potion of invisibility
 Q - 2 potions of berserk rage {unknown}
 S - a potion of flight {unknown}
 T - a potion of lignification {unknown}
 U - 2 potions of haste
Books
 J - a book of Death

   Spells                             Type                      Level
   a - Corpse Rot                     Necromancy                   2
   b - Sublimation of Blood           Necromancy                   2
   c - Agony                          Necromancy                   5
   d - Dispel Undead                  Necromancy                   5
   e - Excruciating Wounds            Charms/Necromancy            5
   f - Bolt of Draining               Conjuration/Necromancy       5
Comestibles
 e - 13 bread rations
 k - 9 fruits
 l - 6 meat rations
 K - 9 royal jellies
 N - 3 beef jerkies
 X - a chunk of flesh


   Skills:
 - Level 10.0 Fighting
 - Level 16.0 Long Blades
 - Level 10.0 Armour
 - Level 3.6 Shields
 + Level 10.5 Invocations


You had 11 spell levels left.
You didn't know any spells.

Dungeon Overview and Level Annotations

Branches:
Dungeon (9/15)             Temple (1/1) D:4            Lair (3/8) D:8
 Shoals (0/4) Lair:3
  Snake: Lair:3-6    Spider: Lair:3-6       Orc: D:9-12

Altars:
Ashenzari
Cheibriados
Dithmenos
Elyvilon
Fedhas
Gozag
Kikubaaqudgha
Makhleb
Nemelex Xobeh
Okawaru
Qazlal
Ru
Sif Muna
Trog
Vehumet
Xom
Yredelemnul
Zin
The Shining One

Shops:
D:4 ?[[!   D:7 (

Annotations:
IceCv exclusion: ice statue


Innate Abilities, Weirdness & Mutations

You reflexively headbutt those who attack you in melee.
You have a pair of horns on your head.


Message History

You hit the ice statue. You headbutt the ice statue.
The ice statue is severely damaged.
You are engulfed in freezing vapours.
* * * LOW HITPOINT WARNING * * *
The ice beast hits you but does no damage.
You hit the ice statue but do no damage.
The ice statue is severely damaged.
You are engulfed in freezing vapours.
* * * LOW HITPOINT WARNING * * *
The ice beast barely misses you. You furiously retaliate!
You headbutt the ice beast, but do no damage.
You completely miss the ice statue.
You headbutt the ice statue, but do no damage.
The ice statue is severely damaged.
You are engulfed in freezing vapours.
* * * LOW HITPOINT WARNING * * *
The ice beast hits you.
* * * LOW HITPOINT WARNING * * *
The ice beast freezes you!
You die...

##..##..#.÷###
##.#.≈##...##
#..#.≈≈##.##
#...##≈≈###
##...##≈≈≈≈ ###
#....##≈≈#≈ ##§#
#.....######
#8.###....####..###
##§@§###....##....##
##§§Y§.##.....÷÷#....
#......##......###...
#..##.....#...###
##.. #.# #........##
### #.. ##........#
#. #.......## #
##.....## #....##


You could see an ice statue and an ice beast.

Vanquished Creatures
  Nergalle (Lair:3)
  Pikel (D:3)
  4 elephants (Lair:2)
  Psyche (D:8)
  6 spiny frogs
  A komodo dragon (Lair:2)
  A two-headed ogre (D:9)
  6 polar bears
  Sigmund (D:4)
  2 wraiths (D:9)
  25 yaks
  A hungry ghost (D:7)
  The ghost of kae the Slasher, an average MiFi of Makhleb (D:3)
  3 hippogriffs
  5 wolves (IceCv)
  5 water moccasins
  A soldier ant (D:9)
  3 orc warriors
  4 black bears
  A wasp (D:9)
  12 ice beasts
  9 porcupines
  4 slaves (D:4)
  3 necrophages
  7 ogres
  A sky beast (D:6)
  2 phantoms
  2 centaurs
  3 crocodiles
  11 giant frogs
  A wyvern zombie (D:8)
  3 scorpions
  9 killer bees
  2 wights (D:9)
  A troll zombie (D:9)
  An electric eel (Lair:1)
  A wasp zombie (D:6)
  4 crimson imps
  2 centaur zombies
  A jelly (D:7)
  3 human zombies (D:9)
  3 orc priests
  A giant frog skeleton (D:4)
  4 hounds
  6 iguanas
  2 centaur skeletons (D:5)
  7 orc wizards
  Natasha (D:3)
  9 worker ants
  A killer bee zombie (D:5)
  2 mummies (D:9)
  2 worker ant zombies
  4 gnolls (D:9)
  23 river rats (Lair:2)
  4 shadow imps
  13 adders
  4 worms
  3 giant geckos
  32 orcs
  6 giant cockroaches
  8 goblins
  6 hobgoblins
  3 quokkas
  6 ball pythons
  10 bats
  A giant gecko skeleton (D:5)
  10 giant newts
  10 jackals
  A jackal skeleton (D:4)
  15 kobolds
  An orc zombie (D:9)
  3 rats
  A butterfly (D:3)
  A plant (Sewer)
358 creatures vanquished.

Vanquished Creatures (collateral kills)
  A necrophage (D:9)
  A worm (D:6)
2 creatures vanquished.

Vanquished Creatures (others)
  A centaur (D:5)
  A hound (D:5)
  An adder (D:5)
  A fungus (Lair:3)
4 creatures vanquished.

Grand Total: 364 creatures vanquished

Notes
Turn   | Place    | Note
--------------------------------------------------------------
     0 | D:1      | kae the Minotaur Fighter began the quest for the Orb.
     0 | D:1      | Reached XP level 1. HP: 19/19 MP: 0/0
   258 | D:1      | Reached XP level 2. HP: 17/26 MP: 1/1
   516 | D:1      | Reached skill level 4 in Long Blades
   855 | D:2      | Found a radiant altar of Vehumet.
   863 | D:2      | Reached XP level 3. HP: 31/31 MP: 2/2
  1083 | D:2      | Found a white marble altar of Elyvilon.
  1107 | D:2      | Reached skill level 5 in Long Blades
  1218 | D:2      | Reached XP level 4. HP: 39/39 MP: 3/3
  1495 | D:3      | Found a shimmering altar of Xom.
  1519 | D:3      | Reached skill level 6 in Long Blades
  1527 | D:3      | Reached XP level 5. HP: 41/45 MP: 4/4
  1607 | D:3      | Noticed Natasha
  1612 | D:3      | Killed Natasha
  1612 | D:3      | Reached skill level 7 in Long Blades
  2368 | D:3      | Noticed kae's ghost (average MiFi)
  2882 | D:3      | Killed kae's ghost
  2882 | D:3      | Reached skill level 8 in Long Blades
  2882 | D:3      | Reached XP level 6. HP: 18/51 MP: 5/5
  3077 | D:4      | Noticed Sigmund
  3088 | D:4      | Killed Sigmund
  3088 | D:4      | Reached skill level 9 in Long Blades
  3088 | D:4      | Reached XP level 7. HP: 57/57 MP: 6/6
  3164 | D:4      | Reached skill level 10 in Long Blades
  3286 | D:4      | Found a shadowy altar of Dithmenos.
  3287 | D:4      | Found a snail-covered altar of Cheibriados.
  3312 | D:4      | Found a staircase to the Ecumenical Temple.
  3364 | Temple   | Entered the Ecumenical Temple
  3456 | Temple   | Became a worshipper of Makhleb the Destroyer
  3497 | D:4      | Found Xaimuriohy's Distillery.
  3502 | D:4      | Found Ugucinuw's Armour Shoppe.
  3510 | D:4      | Bought a potion of curing for 42 gold pieces
  3510 | D:4      | Bought a potion of degeneration for 14 gold pieces
  3510 | D:4      | Bought a potion of poison for 14 gold pieces
  3518 | D:4      | Found Jawul's Antique Armour Shop.
  3544 | D:4      | Found Detall's Magic Scroll Shoppe.
  3553 | D:4      | Bought a scroll of noise for 11 gold pieces
  3620 | D:4      | Noticed Pikel
  3687 | D:3      | Killed Pikel
  3687 | D:3      | Reached skill level 11 in Long Blades
  3687 | D:3      | Reached XP level 8. HP: 28/64 MP: 7/7
  4139 | D:5      | Entered Level 5 of the Dungeon
  4186 | D:5      | Reached skill level 12 in Long Blades
  4233 | D:5      | Found a shimmering altar of Xom.
  4333 | D:5      | Acquired Makhleb's first power
  4565 | D:5      | Reached skill level 13 in Long Blades
  4749 | D:6      | Found a sparkling altar of Nemelex Xobeh.
  4778 | D:6      | Reached XP level 9. HP: 30/70 MP: 8/8
  4846 | D:6      | Found an opulent altar of Gozag.
  4877 | D:6      | Reached skill level 14 in Long Blades
  4882 | D:6      | Acquired Makhleb's second power
  4912 | D:6      | Found a glowing drain.
  4949 | Sewer    | Entered a sewer
  6178 | D:6      | Found a sacrificial altar of Ru.
  6290 | D:7      | Reached skill level 15 in Long Blades
  6400 | D:7      | Acquired Makhleb's third power
  6402 | D:7      | Found Jehoiwn's Weapon Emporium.
  6466 | D:7      | Found a glowing golden altar of the Shining One.
  6818 | D:7      | Reached skill level 16 in Long Blades
  7025 | D:8      | Noticed Psyche
  7030 | D:8      | Reached XP level 10. HP: 72/78 MP: 9/9
  7054 | D:8      | Killed Psyche
  7149 | D:8      | Acquired Makhleb's fourth power
  7149 | D:8      | Reached skill level 5 in Fighting
  7149 | D:8      | Reached skill level 5 in Armour
  7332 | D:8      | Found a staircase to the Lair.
  8089 | D:9      | Found a deep blue altar of Sif Muna.
  8166 | D:9      | Found an opulent altar of Gozag.
  8298 | D:9      | Found a basalt altar of Yredelemnul.
  9060 | Lair:1   | Entered Level 1 of the Lair of Beasts
  9071 | Lair:1   | Reached XP level 11. HP: 71/95 MP: 10/10
  9507 | Lair:1   | Acquired Makhleb's fifth power
 10258 | Lair:1   | Reached skill level 10 in Armour
 10275 | Lair:1   | Reached skill level 10 in Fighting
 10552 | Lair:2   | Reached skill level 1 in Invocations
 10686 | Lair:2   | Reached skill level 5 in Invocations
 11992 | Lair:3   | Noticed Nergalle
 12000 | Lair:3   | Killed Nergalle
 12000 | Lair:3   | Reached XP level 12. HP: 74/106 MP: 17/17
 12417 | Lair:3   | Found a staircase to the Shoals.
 12444 | Lair:3   | Found a frozen archway.
 12497 | IceCv    | Entered an ice cave
 12549 | IceCv    | Reached skill level 10 in Invocations
 12964 | IceCv    | Slain by an ice beast

Vault maps used:
D:1:      dpeg_arrival_simpleton_a
D:2:      elyvilon_altar_3, old_standard_altar, first_bread
D:3:      xom_butterflies, due_unseen_surprise, uniq_natasha
D:4:      gammafunk_temple_overflow_statue, minmay_temple_entry_glassed_door,
          serial_shops, shop, shop, nicolae_shop_crystal,
          nicolae_shop_statue_plus, uniq_sigmund, uniq_pikel
D:5:      xom_confusion_cloud
D:6:      lemuel_crystal_altar, kennysheep_little_box, gup_sewer_entry_glass,
          basic_altar, kennysheep_generic_room_7
D:7:      overflow_temple_1_default, serial_shops, shop_statue, st_stairs_5
D:8:      lair_0_dummy, uniq_psyche
D:9:      lemuel_round_altar, kennysheep_mini_moat,
          lemuel_mausoleum_altar_yredelemnul, hangedman_pestilent_swarm
Temple:   circular_temple_pool_8
Lair:1:   gammafunk_lair_bear_cave
Lair:2:   infiniplex_staircase_pool_2
Lair:3:   boulder_dual_corridor_run, elwin_shoals_entry_rocks,
          portal_ice_cave_entry_ice_beasts, serial_bayou_pond_d,
          grunt_megastairs_3, uniq_maud, uniq_nergalle
Sewer:    sewer_co_scattered_pipes
IceCv:    ice_cave_small_giant

Action                   |  1- 3 |  4- 6 |  7- 9 | 10-12 || total
-------------------------+-------+-------+-------+-------++-------
Melee: Long sword        |    91 |   122 |   549 |   272 ||  1034
       Great sword       |       |       |       |   409 ||   409
Invok: Lesser Servant of |       |       |       |     1 ||     1
  Use: Scroll            |       |     7 |     9 |     3 ||    19
       Potion            |       |     3 |     4 |     4 ||    11
 Stab: Invisible         |       |       |     3 |       ||     3
  Eat: Chunk             |       |     6 |    16 |    15 ||    37
       Meat ration       |       |       |       |     1 ||     1
